 Dungeon Crawl Stone Soup version 0.18.1-50-g88ac8fd (webtiles) character file.

117 varam the Covert (level 4, 11/21 HPs)
             Began as a Spriggan Enchanter on Oct 21, 2016.
             Quit the game on level 2 of the Dungeon.
             The game lasted 00:04:05 (1813 turns).

varam the Covert (Spriggan Enchanter)               Turns: 1813, Time: 00:04:06

Health: 11/21      AC:  3    Str:  4    XL:     4   Next: 71%
Magic:  5/9        EV: 18    Int: 17    God:
Gold:   168        SH:  0    Dex: 16    Spells: 3 memorised, 2 levels left

rFire  . . .     SeeInvis +     s - +1 dagger (venom)
rCold  . . .     Gourm    .     b - +1 robe
rNeg   . . .     Faith    .     (shield restricted)
rPois  .         Spirit   .     (helmet restricted)
rElec  .         Dismiss  .     (no cloak)
rCorr  .         Reflect  .     (gloves unavailable)
SustAt .         Harm     .     (boots unavailable)
MR     .....                    (no amulet)
Stlth  +++++.....               (no ring)
                                (no ring)

@: very quick, not resistant to hostile enchantments, quite stealthy
A: unfitting armour, see invisible, herbivore 3, speed 3, slow metabolism 2
a: no special abilities


You were on level 2 of the Dungeon.
You were not hungry.

You visited 1 branch of the dungeon, and saw 3 of its levels.

You collected 168 gold pieces.

Inventory:

Hand Weapons
 a - a +1 dagger
 s - a +1 dagger of venom (weapon)
Armour
 b - a +1 robe (worn)
Jewellery
 k - an uncursed ring of protection from cold {unknown}
 q - an uncursed amulet of dismissal {unknown}
Scrolls
 e - a scroll of noise {unknown}
 g - a scroll of enchant weapon {unknown}
 h - 2 scrolls of remove curse {unknown}
 j - a scroll of fear {unknown}
 m - a scroll of fog {unknown}
 n - 2 scrolls of enchant armour {unknown}
 r - 2 scrolls of identify {unknown}
Potions
 f - a potion of might {unknown}
 i - 2 potions of ambrosia {unknown}
 l - a potion of heal wounds {unknown}
 o - a potion of cure mutation {unknown}
Books
 c - a book of Maledictions

   Spells                             Type                      Level
   a - Corona                         Hexes                        1
   b - Ensorcelled Hibernation        Hexes/Ice                    2
   c - Confuse                        Hexes                        3
   d - Tukima's Dance                 Hexes                        3
   e - Dazzling Spray                 Conjuration/Hexes            3
Comestibles
 d - 5 bread rations
 p - a slice of pizza


   Skills:
 - Level 1.1 Short Blades
 - Level 3.0 Dodging
 + Level 8.5 Stealth
 - Level 2.6 Spellcasting
 - Level 3.6 Hexes


You had 2 spell levels left.
You knew the following spells:

 Your Spells              Type           Power        Failure   Level  Hunger
a - Ensorcelled Hibernat  Hex/Ice        #.....       17%         2    ##.....
b - Corona                Hex            ##.....      4%          1    #......
c - Confuse               Hex            ##......     14%         3    ###....


Dungeon Overview and Level Annotations

Branches:
Dungeon (3/15)

Altars:
Ru

Annotations:
D:3 jazmu's ghost, amateur OpFE


Innate Abilities, Weirdness & Mutations

You are tiny and cannot use many weapons and most armour.
You have supernaturally acute eyesight.
You are a herbivore.
You cover ground extremely quickly.
You need consume almost no food.


Message History

Jazmu's ghost is severely damaged.
Jazmu's ghost completely misses you.
You hit jazmu's ghost but do no damage.
Jazmu's ghost is severely damaged.
Jazmu's ghost hits you.
Casting: Ensorcelled Hibernation
Confirm with . or Enter, or press ? or * to list all spells.
You don't have enough magic to cast that spell.
Unknown command.
There is an open door here.
There is an open door here.
There is a stone staircase leading up here.
You climb upwards.
A rat comes into view.
There is a stone staircase leading down here.
You strike the helpless rat from a blind spot!
You puncture the rat!
You kill the rat!
No target in view!
Are you sure you want to abandon this character and quit the game? (Confirm with "yes".)

#.....#.#..#.### #.#
###.....#.#..#.#######.#
#............#.#.......#
#.##.........#.#.#####.####
#.##.......................
#.##..#+#....#.#######.####
#.##.........#.#.)...#.# #
#.##.........#.#.###.#.####
#[####...>@................
#.# #.......#.#.###.#.##..
#.# ##+##...#.#.# #.#.##.#
##.#####.##.###.#.# #.#.##.#
#....S.S.##.#<#.#.###.#.##.#
###########.#.#.#...#.#.##.#
#.#.#.###.#.#.##.# #.#.#.#
#.#.#.##.# #.#.#.#
#.#.#.##+#


There were no monsters in sight!

Vanquished Creatures
  Terence (D:2)
  4 adders
  2 worms (D:3)
  3 dart slugs
  2 giant geckos
  An orc (D:3)
  4 giant cockroaches
  5 goblins
  5 hobgoblins
  2 bats
  3 giant newts (D:2)
  6 kobolds
  6 rats
44 creatures vanquished.

Notes
Turn   | Place    | Note
--------------------------------------------------------------
     0 | D:1      | varam the Spriggan Enchanter began the quest for the Orb.
     0 | D:1      | Reached XP level 1. HP: 9/9 MP: 5/5
   124 | D:1      | Reached skill level 5 in Stealth
   254 | D:2      | Reached XP level 2. HP: 13/13 MP: 4/6
   258 | D:2      | Learned a level 2 spell: Ensorcelled Hibernation
   447 | D:2      | Reached skill level 6 in Stealth
   588 | D:2      | Reached XP level 3. HP: 16/16 MP: 6/8
   593 | D:2      | Learned a level 3 spell: Confuse
   693 | D:2      | Reached skill level 7 in Stealth
   761 | D:2      | Noticed Terence
   777 | D:2      | Killed Terence
   777 | D:2      | Reached XP level 4. HP: 19/21 MP: 3/9
   808 | D:2      | Found a sacrificial altar of Ru.
  1122 | D:3      | Reached skill level 8 in Stealth
  1745 | D:3      | Noticed jazmu's ghost (amateur OpFE)
  1813 | D:2      | Quit the game

Skill      XL: |  1  2  3  4 |
---------------+-------------+-----
Stealth        | 5 6 7 8 |  8.5
Short Blades   | |  1.1
Dodging        | |  3.0
Spellcasting   | |  2.6
Hexes          | |  3.6

Action                   |  1- 3 |  4- 6 || total
-------------------------+-------+-------++-------
Melee: Dagger            |    61 |    30 ||    91
 Cast: Corona            |     5 |       ||     5
       Ensorcelled Hiber |     9 |    10 ||    19
       Confuse           |     1 |     1 ||     2
 Stab: Sleeping          |    22 |    13 ||    35
       Confused          |     1 |     1 ||     2
       Distracted        |       |     1 ||     1
Armor: Robe              |     8 |     1 ||     9
Dodge: Dodged            |    31 |    12 ||    43
